 Dungeon Crawl Stone Soup version 0.20-a0-909-g1a4ba80 (webtiles) character file.

1602 Idiomancer the Blocker (level 9, -3/68 HPs)
             Began as a Formicid Fighter on Mar 23, 2017.
             Splashed by an orc priest's acid (14 damage)
             ... on level 6 of the Dungeon.
             The game lasted 00:17:29 (7108 turns).

Idiomancer the Blocker (Formicid Fighter)           Turns: 7108, Time: 00:17:30

Health: -3/68      AC: 12    Str: 22    XL:     9   Next: 16%
Magic:  9/9        EV:  6    Int:  7    God:
Gold:   17         SH: 14    Dex: 13    Spells: 8/8 levels left

rFire    . . .     SeeInvis +   a - +0 war axe
rCold    . . .     Gourm    .   F - +0 plate armour
rNeg     . . .     Faith    .   c - +0 shield
rPois    +         Spirit   .   (helmet unavailable)
rElec    .         Reflect  +   (no cloak)
rCorr    .         Harm     .   (no gloves)
MR       .....                  y - +0 pair of boots
Stlth    ..........             A - +2 amulet of reflection
Regen    0.7/turn               (no ring)
MPRegen  0.2/turn               (no ring)

@: lethally poisoned (-3 -> -4), corroded
A: permanent stasis, dig shafts and tunnels, four strong arms, antennae 3,
hooves 1, yellow scales 1, poison resistance, regeneration 1
a: Dig, Shaft Self


You were on level 6 of the Dungeon.
You were not hungry.

You visited 1 branch of the dungeon, and saw 6 of its levels.
You also visited: Ossuary.

You collected 215 gold pieces.
You spent 198 gold pieces at shops.

Inventory:

Hand Weapons
 a - a +0 war axe (weapon)
 w - a +0 flail
Missiles
 C - 2 throwing nets (quivered)
Armour
 c - a +0 shield (worn)
 y - a +0 pair of boots (worn)
 B - a +0 chain mail
 F - a +0 plate armour (worn)
Jewellery
 A - a +2 amulet of reflection (around neck)
Wands
 d - a wand of confusion (25/48)
 D - a wand of paralysis (16/24)
 E - a wand of lightning (9/15)
Scrolls
 b - a scroll of noise {unknown}
 e - a scroll of amnesia {unknown}
 g - 3 scrolls of enchant armour {unknown}
 i - 2 scrolls of magic mapping
 k - 5 scrolls of remove curse {unknown}
 l - 4 scrolls of identify
 m - 3 scrolls of teleportation {unknown}
 s - a scroll of enchant weapon {unknown}
 u - 2 scrolls of blinking
 v - 2 scrolls of fear {unknown}
 x - a scroll of fog {unknown}
 H - 4 scrolls of random uselessness {unknown}
 I - 6 scrolls of immolation {unknown}
Potions
 h - 3 potions of mutation
 o - a potion of ambrosia {unknown}
 p - 3 potions of heal wounds
 r - 3 potions of curing
 t - a potion of lignification {unknown}
 z - a potion of invisibility {unknown}
 G - 6 potions of degeneration {unknown}
 J - a potion of berserk rage {unknown}
 L - a potion of cancellation
Comestibles
 f - 7 bread rations
 j - 2 meat rations
 n - 2 fruits
 q - 3 royal jellies
 K - 2 chunks of flesh


   Skills:
 - Level 5.0 Fighting
 - Level 6.0 Axes
 + Level 6.5 Armour
 + Level 9.1 Shields


You had 8 spell levels left.
You didn't know any spells.

Dungeon Overview and Level Annotations

Branches:
Dungeon (6/15)
 Temple: D:4-7

Altars:
The Shining One

Shops:
D:5 :   D:6 !


Innate Abilities, Weirdness & Mutations

You cannot be hasted, slowed, berserked, paralysed or teleported.
You can dig through walls and to a lower floor.
Your four strong arms can wield two-handed weapons with a shield.
You have a pair of large antennae on your head. (SInv)
You have large cloven feet.
You are partially covered in yellow scales. (AC +2)
Your system is resistant to poisons. (rPois)
Your natural rate of healing is unusually fast.


Message History

You slash the kobold!
You kill the kobold!
You feel sick.
The orc priest zaps a wand.
The bolt of acid misses you.
The big kobold hits you but does no damage.
You hit the orc priest but do no damage.
The orc priest is almost dead.
You miss the big kobold.
You feel sick.
The big kobold is no longer moving slowly.
The orc priest hits you with a dagger.
* * * LOW HITPOINT WARNING * * *
The orc priest begins to cast a cantrip, but forgets the words!
You barely miss the orc priest.
The orc priest is almost dead.
You hit the big kobold but do no damage.
The big kobold hits you with a short sword.
* * * LOW HITPOINT WARNING * * *
The orc priest zaps a wand.
The bolt of acid hits you!
* * * LOW HITPOINT WARNING * * *
The acid corrodes you!
You are splashed with acid!
The acid burns!
You die...

### *** *****
#.#######*,******,*,**
#.......#*,,,,,,,,*,,, ########
#.#####.#*,******,*,** .......#
#.#####.#*,* *,*,* ######.#
#.##....#*,******+*,* #.#
#.##%#####.#,,,,,,,,*
####.#####.##K@<....#,,,,,,,,**
#....(.....##o)(....#,,,,,,,,*,
#..........##.......#*****,*,*,
#..........#..........{,,,,*,*,
#.........)###########******,*,
#..........#...#...# *,*,
#.........##.#.#.#.# *,*,
############.#.#.#.# *,** ##
#.#.#.#.# *,*


You could see a big kobold and an orc priest.

Vanquished Creatures
  A water moccasin (D:5)
  An ice beast (D:4)
  An orc warrior (D:6)
  A phantom (D:6)
  A centaur (D:6)
  Blork the orc (D:5)
  The ghost of archon2 the Slasher, a weakling DDFi (D:3)
  A howler monkey (D:3)
  A crimson imp (D:5)
  A bullfrog zombie (D:6)
  A centaur zombie (Ossuary)
  2 hounds
  A centaur skeleton (D:4)
  A jelly (D:5)
  An orc priest (D:4)
  A bullfrog skeleton (D:4)
  Jessica (D:3)
  An iguana (D:5)
  6 orc wizards
  6 worker ants
  2 big kobold zombies (Ossuary)
  A hound skeleton (D:4)
  4 mummies (Ossuary)
  3 gnolls (D:6)
  6 adders
  3 oozes
  3 worms
  4 dart slugs
  3 leopard geckos
  22 orcs
  4 ball pythons
  5 giant cockroaches
  9 hobgoblins
  3 jackals (D:3)
  7 kobolds
  4 quokkas
  7 bats
  18 frilled lizards
  7 goblins
  2 goblin zombies (Ossuary)
  A jackal skeleton (D:6)
  2 kobold zombies (Ossuary)
  An orc zombie (Ossuary)
  15 rats
167 creatures vanquished.

Notes
Turn   | Place    | Note
-------+----------+-------------------------------------------
     0 | D:1      | Idiomancer the Formicid Fighter began the quest for the Orb.
     0 | D:1      | Reached XP level 1. HP: 18/18 MP: 1/1
   143 | D:1      | Reached XP level 2. HP: 23/24 MP: 2/2
   240 | D:1      | Reached XP level 3. HP: 22/30 MP: 3/3
   969 | D:1      | Reached XP level 4. HP: 36/37 MP: 4/4
  2348 | D:3      | Noticed archon2's ghost (weakling DDFi)
  2367 | D:3      | Killed archon2's ghost
  2367 | D:3      | Reached XP level 5. HP: 14/43 MP: 5/5
  2821 | D:3      | Reached skill level 5 in Fighting
  3118 | D:3      | Reached XP level 6. HP: 32/51 MP: 6/6
  3346 | D:3      | Reached skill level 4 in Shields
  3439 | D:3      | Noticed Jessica
  3443 | D:3      | Killed Jessica
  3876 | D:4      | Noticed an ice beast
  3878 | D:4      | Reached skill level 5 in Axes
  3886 | D:4      | Killed an ice beast
  3886 | D:4      | Reached skill level 5 in Shields
  3886 | D:4      | Reached XP level 7. HP: 42/56 MP: 7/7
  4416 | D:4      | Reached skill level 6 in Shields
  5722 | D:5      | Entered Level 5 of the Dungeon
  5725 | D:5      | Found Worypny's Book Emporium.
  5745 | D:5      | Reached XP level 8. HP: 53/62 MP: 8/8
  5839 | D:5      | Noticed Blork the orc
  5842 | D:5      | Gained mutation: You are partially covered in yellow scales. (AC +2) [potion of mutation]
  5842 | D:5      | Gained mutation: Your system is resistant to poisons. (rPois) [potion of mutation]
  5842 | D:5      | Gained mutation: Your natural rate of healing is unusually fast. [potion of mutation]
  5842 | D:5      | Gained mutation: You have large cloven feet. [potion of mutation]
  5850 | D:5      | Killed Blork the orc
  5850 | D:5      | Reached skill level 7 in Shields
  6130 | D:5      | Found a glowing golden altar of the Shining One.
  6501 | D:6      | Reached skill level 5 in Armour
  6501 | D:6      | Reached skill level 8 in Shields
  6618 | D:6      | Found a sand-covered staircase.
  6627 | Ossuary  | Entered an ossuary
  6650 | Ossuary  | Reached XP level 9. HP: 68/68 MP: 9/9
  6910 | D:6      | Reached skill level 9 in Shields
  7039 | D:6      | Found Abiliaqa's Distillery.
  7042 | D:6      | Bought a potion of heal wounds for 55 gold pieces
  7042 | D:6      | Bought a potion of cancellation for 88 gold pieces
  7042 | D:6      | Bought a potion of heal wounds for 55 gold pieces
  7108 | D:6      | Splashed by an orc priest's acid

Vault maps used:
D:1:      dpeg_arrival_fog, st_stairs_13, minmay_rat_gold_closets
D:3:      serial_glass, glass_columns_b, glass_columns_c, minmay_lizard_king,
          uniq_jessica
D:4:      first_bread, serial_park_tiny_2
D:5:      serial_shops, shop, moated_statue, nicolae_tso_carved_into_rock,
          uniq_blork_the_orc
D:6:      nicolae_ossuary_entry_monument, serial_shops, kennysheep_mini_moat,
          evilmike_ruin_ashenzari
Ossuary:  ossuary_crypta

Skill      XL: |  1  2  3  4  5  6  7  8  9 |
---------------+----------------------------+-----
Fighting       | 4 5 |  5.0
Axes           | 3 4 5 6 |  6.0
Shields        | 5 6 8 9 |  9.1
Armour         | 5 6 |  6.5

Action                   |  1- 3 |  4- 6 |  7- 9 || total
-------------------------+-------+-------+-------++-------
Melee: War axe           |    96 |   210 |   261 ||   567
 Abil: Dig               |       |     2 |       ||     2
  Use: Potion            |       |     1 |     3 ||     4
       Scroll            |       |       |     4 ||     4
  Eat: Chunk             |       |    11 |    10 ||    21
       Fruit             |       |     1 |     1 ||     2
Armor: Scale mail        |    48 |    67 |    44 ||   159
       Chain mail        |       |       |    35 ||    35
       Plate armour      |       |       |     9 ||     9
Dodge: Dodged            |    25 |    64 |    68 ||   157
Block: Shield            |    69 |    95 |   169 ||   333
       Reflection        |       |       |     2 ||     2
